cohdb
Replays
Latest Replays
All Replays
Popular Replays
Top Player Replays
Match Explorer
How It Works
Community
CoH3 Stats
Reddit
Sign in to upload your games and track your stats! →
Sign in with Steam
Match 46225893
Unlisted
Match 46225893
Overview
Messages
Build Orders
End
Construct Weapon Support Center
M1919 Machine Gun Team
Selects Heavy Weapons
M1919 Machine Gun Team
Bazooka Squad
Engineer Squad
Construct Barracks
.30 cal Machine Gun
M1 Mortar Team
Improved M9 Bazooka Rockets
.30 cal Machine Gun
Bazooka Squad
Selects M2HB .50cal Heavy Machine Gun
Construct Medical Station
Bazooka Squad
Selects Assault Carriers
Air Support Center
P-47 Dive Bomb
M3 Assault Carrier
M3 Assault Carrier
Selects Rapid Reposition
Construct Motor Pool
Grasshopper Recon Run
M24 Chaffee Light Tank
Bazooka Squad
Bazooka Squad
M24 Chaffee Light Tank
Grasshopper Recon Run
P-47 Dive Bomb
Selects Black Dragon Artillery Barrage
Selects Black Dragon Artillery Barrage
XKR MentorIvan
ajarmy
0
0
Comments
sign in to comment!
No comments posted yet!